 Dungeon Crawl Stone Soup version 0.24-a0-583-g87330a484a (webtiles) character file.

Game seed: 4319893816780108471, levelgen mode: deterministic

139654 Mame the Earth Mage (level 17, 0/65 HPs)
             Began as a Gargoyle Earth Elementalist on Aug 28, 2019.
             Was a High Priest of Vehumet.
             Killed from afar by a wretched star (20 damage)
             ... with an orb of energy
             ... on level 2 of the Abyss.
             The game lasted 04:10:18 (38336 turns).

Mame the Earth Mage (Gargoyle Earth Elementalist)  Turns: 38336, Time: 04:10:20

Health: 0/65       AC: 24    Str: 14    XL:     17   Next: 29%
Magic:  5/34       EV: 19    Int: 21    God:    Vehumet [*****.]
Gold:   1509       SH: 11    Dex: 10    Spells: 23/42 levels left

rFire    + + .     SeeInvis .   D - +3 Elemental Staff {rElec rF++ rC++ MR++ AC+5}
rCold    + + .     Gourm    .   L - +3 buckler
rNeg     + . .     Faith    .   F - +2 robe {Archmagi}
rPois    ∞         Spirit   .   (no helmet)
rElec    +         Reflect  +   y - +0 cloak
rCorr    .         Harm     .   k - +0 pair of gloves
MR       +++..                  n - +0 pair of boots
Stlth    ++........             P - +4 amulet of reflection
HPRegen  0.20/turn              s - ring of wizardry
MPRegen  0.24/turn              O - +3 ring of evasion

@: no status effects
A: big wings, [blurry vision 2], [frail 3], negative energy resistance 1,
electricity resistance, unbreathing, petrification resistance, rot immunity, AC
+12
a: Fly, Renounce Religion


You were on level 2 of the Abyss.
You worshipped Vehumet.
Vehumet was extremely pleased with you.
You were not hungry.

You visited 5 branches of the dungeon, and saw 23 of its levels.
You visited the Abyss 1 time.

You collected 2462 gold pieces.
You spent 953 gold pieces at shops.

Inventory:

Hand Weapons
 p - a +3 dire flail of draining
 D - the +3 Elemental Staff (weapon) {rElec rF++ rC++ MR++ AC+5}
   (You acquired it on level 9 of the Dungeon)

   It affects your AC (+5).
   It greatly protects you from fire.
   It greatly protects you from cold.
   It insulates you from electricity.
   It affects your resistance to hostile enchantments.
Missiles
 b - 109 stones (quivered)
Armour
 i - a +2 leather armour of magic resistance
 k - a +0 pair of gloves (worn)
 n - a +0 pair of boots (worn)
 o - a +2 robe of positive energy
 y - a +0 cloak (worn)
 z - a +2 buckler
 F - a +2 robe of the Archmagi (worn)
 L - a +3 buckler (worn)
Magical Staves
 h - an uncursed staff of death
Jewellery
 s - a ring of wizardry (left hand)
 A - a +2 ring of protection
 O - a +3 ring of evasion (right hand)
 P - a +4 amulet of reflection (around neck)
 R - a +2 ring of intelligence
Wands
 e - a wand of flame (21)
 f - a wand of clouds (5)
 u - a wand of iceblast (14)
 v - a wand of paralysis (12)
 w - a wand of scattershot (8)
 x - a wand of digging (3)
 H - a wand of acid (29)
Scrolls
 a - 4 scrolls of identify
 g - 6 scrolls of teleportation
 j - 9 scrolls of remove curse
 B - 4 scrolls of amnesia
 G - 4 scrolls of magic mapping
 K - 2 scrolls of immolation {unknown}
 M - 2 scrolls of fog
 N - a scroll of torment {unknown}
 Q - 2 scrolls of fear
 U - a scroll of vulnerability {unknown}
 X - a scroll of noise {unknown}
 Y - a scroll of blinking {unknown}
Potions
 l - 3 potions of brilliance
 m - 2 potions of flight
 q - a potion of haste
 r - 9 potions of curing
 t - a potion of ambrosia
 C - 2 potions of invisibility
 E - 2 potions of berserk rage
 J - 2 potions of magic
 T - 3 potions of cancellation
Miscellaneous
 c - a fan of gales
Comestibles
 d - 4 rations
 I - 2 chunks of flesh


   Skills:
 - Level 6.0 Fighting
 + Level 11.6 Staves
 + Level 9.6 Dodging
 - Level 2.1 Stealth
 - Level 4.7 Shields
 + Level 13.2 Spellcasting
 + Level 14.1 Conjurations
 - Level 0.7 Transmutations
 * Level 17.3 Earth Magic
 - Level 6.4 Evocations


You had 23 spell levels left.
You knew the following spells:

 Your Spells              Type           Power        Failure   Level  Hunger
a - Sandblast             Erth           ######       0%          1    None
b - Stone Arrow           Conj/Erth      ######       0%          3    None
c - Lee's Rapid Deconstr  Erth           #######...   1%          5    ####...
d - Passwall              Tmut/Erth      ######..     1%          2    None
f - Magic Dart            Conj           ####         0%          1    None
g - Dazzling Spray        Conj/Hex       ######       1%          3    None
h - Iskenderun's Mystic   Conj           #######.     1%          4    None

Your spell library contained the following spells:

 Spells                   Type           Power        Failure   Level  Hunger
 Orb of Destruction       Conj           #######...   1%          7    #######
 Searing Ray              Conj           ######       0%          2    None
 Animate Skeleton         Necr           N/A          1%          1    None
 Pain                     Necr           ###.         1%          1    None
 Force Lance              Conj/Tloc      ######..     1%          4    None
 Fulminant Prism          Conj/Hex       ######....   1%          4    None
 Petrify                  Tmut/Erth      ######..     1%          4    None
 Poisonous Vapours        Pois/Air       ###...       2%          2    None
 Swiftness                Chrm/Air       ###.....     2%          2    None
 Airstrike                Air            ###.......   5%          4    None
 Regeneration             Chrm/Necr      ###.......   6%          3    None
 Vampiric Draining        Necr           ###.......   6%          3    None
 Freezing Cloud           Conj/Ice/Air   ######....   12%         6    #####..
 Animate Dead             Necr           N/A          19%         4    None
 Deflect Missiles         Chrm/Air       ###.......   94%         6    #####..


Dungeon Overview and Level Annotations

Branches:
Dungeon (11/15)            Temple (1/1) D:7            Lair (6/6) D:9
  Swamp (0/4) Lair:3        Snake (0/4) Lair:2        Slime (0/5) Lair:5
    Orc (2/2) D:11            Elf (3/3) Orc:2

Altars:
Ashenzari
Cheibriados
Dithmenos
Fedhas
Gozag
Hepliaklqana
Kikubaaqudgha
Nemelex Xobeh
Okawaru
Sif Muna
Trog
Uskayaw
Vehumet
Wu Jian
Xom
Yredelemnul
Beogh

Shops:
D:11 (   Orc:2 ?*%(   Elf:2 *   Elf:3 *

Portals:
Pandemonium: Orc:2

Annotations:
Lair:1 exclusions: downstairs and 1 more exclusion


Innate Abilities, Weirdness & Mutations

You are resistant to torment.
Your stone body is resilient. (AC +12)
You are immune to poison.
Your large and strong wings let you fly indefinitely.
You resist negative energy. (rN+)
You are resistant to electric shocks. (rElec)
You can survive without breathing.
You are immune to petrification.
You are immune to rotting.
[Scrolls take you longer to read.]
[You are extremely frail. (-30% HP)]


Message History

The blast of sand hits the large abomination!
You destroy the large abomination!
Vehumet accepts your kill.
You feel your power returning.
b - 110 stones The wretched star glows turbulently.
The orb of energy reflects off an invisible shield around you!
The orb of energy hits the wretched star.
Casting: Sandblast (safe; 0% risk of failure)
Confirm with . or Enter, or press ? or * to list all spells.
Aiming: Sandblast (safe; 0% risk of failure)
Press: ? - help, Shift-Dir - straight line, f - wretched star
Aim: a wretched star (lightly damaged)
You feel a surge of power!
The blast of sand hits the wretched star but does no damage.
The wretched star is lightly damaged.
b - 109 stones The wretched star glows turbulently.
The orb of energy hits you!!
You die...

. .. #.. .# #
..#.#
###....#.
#@...*.#.
#.......#.#
.#.......##
#.....#..###.
.#....####
.#. ..#.## .
. #... . #...


You could see a wretched star.

Vanquished Creatures
  2 deep elf blademasters (Elf:3)
  5 deep elf sorcerers
  An orc warlord (Orc:1)
  2 deep elf elementalists (Elf:2)
  3 deep elf demonologists
  6 deep elf annihilators
  A dire elephant (Lair:3)
  4 deep elf death magi
  3 deep elf high priests (Elf:3)
  Fannar (Lair:2)
  3 hydras
  Erica (Lair:2)
  3 catoblepae (Lair:6)
  18 dancing weapons
  5 death yaks
  6 orc high priests
  A small abomination (Elf:3)
  18 deep elf knights
  A soul eater (Orc:1)
  A sixfirhy (Orc:2)
  2 infernal demonspawn (Orc:2)
  An unseen horror (D:7)
  An orange crystal statue (Elf:2)
  11 deep elf archers
  2 torturous demonspawn
  Pikel (D:6)
  2 wizards (Elf:1)
  5 orc knights (Orc:2)
  44 deep elf magi
  3 oklob plants (Elf:1)
  8 orc sorcerers
  2 manticores (Lair:6)
  A cyclops (D:11)
  A black mamba (shapeshifter) (Elf:1)
  Psyche (D:8)
  4 black mambas
  A rust devil (Orc:2)
  16 elephants
  A gargoyle (D:11)
  A torpor snail (Lair:5)
  12 spiny frogs
  An orange demon (Orc:2)
  A smoke demon (Orc:2)
  An efreet (D:11)
  8 komodo dragons
  A red devil (Orc:2)
  A hellwing (Orc:2)
  A polar bear (Lair:6)
  4 trolls
  A hornet (D:9)
  A large abomination (Abyss:2)
  14 blink frogs
  6 hippogriffs
  8 dream sheep
  Sigmund (D:2)
  3 water elementals (Elf:2)
  2 spriggans
  2 air elementals
  A vampire (D:9)
  A wyvern (Lair:3)
  28 yaks
  2 basilisks
  6 fire elementals
  3 wargs (Orc:2)
  2 nagas (Lair:2)
  16 porcupines
  An acid dragon (D:11)
  7 water moccasins
  An ice beast (D:5)
  32 orc warriors
  3 sky beasts
  2 slaves
  3 black bears
  7 ogres
  A boggart (Elf:1)
  13 centaurs
  2 wolves (Lair:5)
  7 crocodiles
  13 bullfrogs
  A gnoll sergeant (Orc:2)
  An earth elemental (Elf:2)
  A scorpion (D:11)
  9 wights
  A howler monkey (D:5)
  3 crimson imps
  A centaur zombie (D:7)
  5 hounds
  6 jellies
  A quasit (D:5)
  A centaur skeleton (D:4)
  A bullfrog zombie (D:9)
  28 orc priests
  A bullfrog skeleton (D:3)
  13 orc wizards
  2 iguanas
  12 hell rats
  9 worker ants
  A hound skeleton (D:6)
  2 worker ant zombies
  8 gnolls
  13 adders
  A shadow imp (D:3)
  3 oozes
  3 adder skeletons
  2 adder zombies
  2 worms
  3 dart slugs
  9 leopard geckos
  68 orcs
  8 bats
  2 giant cockroaches
  9 goblins
  11 hobgoblins
  8 jackals
  2 quokkas
  A ball python (D:3)
  4 frilled lizards
  7 kobolds
  4 rats
  2 fungi
  3 plants
684 creatures vanquished.

Vanquished Creatures (others)
  A deep elf master archer (Elf:3)
  5 dream sheep (D:5)
  A slave (D:7)
  A wolf (Lair:5)
  A wight (D:8)
  An orc wizard (D:7)
  A shadow imp (D:8)
  5 orcs
  68 fungi
  12 plants
96 creatures vanquished.

Grand Total: 780 creatures vanquished

Notes
Turn   | Place    | Note
-------+----------+-------------------------------------------
     0 | D:1      | Mame the Gargoyle Earth Elementalist began the quest for
                  | the Orb.
     0 | D:1      | Reached XP level 1. HP: 10/10 MP: 3/3
   409 | D:1      | Reached XP level 2. HP: 15/15 MP: 1/5
   464 | D:1      | Reached skill level 4 in Earth Magic
  1233 | D:1      | Reached XP level 3. HP: 17/19 MP: 7/7
  1710 | D:2      | Noticed Sigmund
  1871 | D:2      | Found a bloodstained altar of Trog.
  1990 | D:2      | Killed Sigmund
  1990 | D:2      | Reached skill level 5 in Earth Magic
  1990 | D:2      | Reached XP level 4. HP: 19/24 MP: 1/10
  1990 | D:2      | Reached XP level 5. HP: 22/28 MP: 1/11
  2123 | D:2      | Found a shimmering blue altar of Sif Muna.
  2174 | D:2      | Reached skill level 6 in Earth Magic
  2315 | D:2      | Reached XP level 6. HP: 32/32 MP: 10/12
  2320 | D:2      | Learned a level 3 spell: Stone Arrow
  2501 | D:3      | Found a shadowy altar of Dithmenos.
  2681 | D:3      | Reached skill level 1 in Conjurations
  3440 | D:4      | Reached XP level 7. HP: 36/36 MP: 10/14
  3799 | D:4      | Learned a level 5 spell: Lee's Rapid Deconstruction
  3802 | D:4      | Learned a level 2 spell: Passwall
  4097 | D:4      | Reached skill level 7 in Earth Magic
  4210 | D:4      | Reached skill level 5 in Spellcasting
  4894 | D:5      | Entered Level 5 of the Dungeon
  5148 | D:5      | Noticed a dream sheep
  5148 | D:5      | Noticed a dream sheep
  5148 | D:5      | Noticed a dream sheep
  5148 | D:5      | Noticed a dream sheep
  5148 | D:5      | Noticed a dream sheep
  5148 | D:5      | Found a shimmering altar of Xom.
  5154 | D:5      | Killed a dream sheep
  5154 | D:5      | Killed a dream sheep
  5154 | D:5      | Killed a dream sheep
  5154 | D:5      | Killed a dream sheep
  5155 | D:5      | Killed a dream sheep
  5297 | D:5      | Reached XP level 8. HP: 41/41 MP: 1/16
  5896 | D:6      | Reached skill level 8 in Earth Magic
  6003 | D:6      | Found a sparkling altar of Nemelex Xobeh.
  6247 | D:6      | Reached skill level 5 in Conjurations
  6369 | D:6      | Found a snail-covered altar of Cheibriados.
  6608 | D:7      | Noticed Pikel
  6651 | D:6      | Killed Pikel
  6651 | D:6      | Reached skill level 9 in Earth Magic
  6651 | D:6      | Reached XP level 9. HP: 29/45 MP: 2/19
  6785 | D:7      | Found a staircase to the Ecumenical Temple.
  6886 | D:7      | Found a basalt altar of Yredelemnul.
  7256 | D:7      | Found a shattered altar of Ashenzari.
  7305 | D:7      | Killed an unseen horror
  7305 | D:7      | Reached skill level 10 in Earth Magic
  7690 | D:8      | Noticed Psyche
  7693 | D:8      | Killed Psyche
  7724 | D:7      | Reached XP level 10. HP: 44/50 MP: 2/21
  7947 | Temple   | Entered the Ecumenical Temple
  8011 | Temple   | Became a worshipper of Vehumet
  9015 | D:8      | Reached skill level 11 in Earth Magic
  9156 | D:8      | Identified 2 scrolls of acquirement
  9157 | D:8      | Got an ancient lapis lazuli ring
  9158 | D:8      | Identified the ring of the Thistle {*Slow rC++ rCorr Str+3}
                  | (You acquired it on level 8 of the Dungeon)
 10196 | D:9      | Found a staircase to the Lair.
 10224 | D:9      | Found the +3 Elemental Staff {rElec rF++ rC++ MR++ AC+5}
 10272 | D:10     | Entered Level 10 of the Dungeon
 10275 | D:10     | Reached * piety under Vehumet
 10275 | D:10     | Offered knowledge of Shock by Vehumet.
 10517 | D:10     | Learned a level 1 spell: Shock
 10880 | D:11     | Reached skill level 1 in Fighting
 10883 | D:11     | Reached skill level 1 in Staves
 11019 | D:11     | Got an encrusted mace
 11020 | D:11     | Identified the +4 mace "Vekia" {freeze, +Inv Str-2 Dex+8}
                  | (You found it on level 11 of the Dungeon)
 11038 | D:11     | Reached skill level 1 in Shields
 11106 | D:11     | Reached XP level 11. HP: 51/57 MP: 9/24
 11314 | D:11     | Noticed a cyclops
 11321 | D:11     | Killed a cyclops
 11321 | D:11     | Reached skill level 12 in Earth Magic
 11702 | D:11     | Found Labrizuc's Antique Weapon Boutique.
 11834 | D:11     | Found a staircase to the Orcish Mines.
 12063 | Lair:1   | Entered Level 1 of the Lair of Beasts
 12161 | D:9      | Learned a level 1 spell: Magic Dart
 12165 | D:9      | Learned a level 3 spell: Dazzling Spray
 12243 | Lair:1   | Reached ** piety under Vehumet
 12243 | Lair:1   | Offered knowledge of Flame Tongue by Vehumet.
 13275 | Lair:2   | Noticed Fannar
 13548 | Lair:2   | Killed Fannar
 13552 | Lair:2   | Noticed Erica
 13573 | Lair:2   | Found a staircase to the Snake Pit.
 13861 | Lair:2   | Offered knowledge of Conjure Flame by Vehumet.
 14021 | Lair:2   | Killed Erica
 14283 | Lair:3   | Reached XP level 12. HP: 67/67 MP: 21/25
 14578 | Lair:3   | Noticed a dire elephant
 14789 | Lair:3   | Reached skill level 10 in Spellcasting
 15019 | Lair:3   | Reached skill level 5 in Fighting
 15033 | Lair:3   | Reached *** piety under Vehumet
 15178 | Lair:2   | Learned a level 4 spell: Iskenderun's Mystic Blast
 15225 | Lair:3   | Reached skill level 10 in Conjurations
 15535 | Lair:3   | Reached skill level 5 in Staves
 15535 | Lair:3   | Reached skill level 13 in Earth Magic
 15986 | Lair:3   | Found a staircase to the Swamp.
 15987 | Lair:3   | Noticed an eight-headed hydra
 15991 | Lair:3   | Killed an eight-headed hydra
 16345 | Lair:3   | Killed a dire elephant
 16793 | Lair:3   | Reached skill level 5 in Dodging
 17247 | Lair:4   | Found an opulent altar of Gozag.
 17261 | Lair:4   | Offered knowledge of Olgreb's Toxic Radiance by Vehumet.
 17431 | Lair:4   | Reached XP level 13. HP: 74/74 MP: 23/27
 18647 | Lair:5   | Found a radiant altar of Vehumet.
 18918 | Lair:5   | Reached **** piety under Vehumet
 19019 | Lair:5   | Offered knowledge of Bolt of Draining by Vehumet.
 19238 | Lair:5   | Found a staircase to the Slime Pits.
 19864 | Lair:6   | Entered Level 6 of the Lair of Beasts
 21388 | Lair:6   | Reached skill level 14 in Earth Magic
 21681 | Lair:6   | Reached skill level 1 in Evocations
 22159 | Lair:6   | Gained mutation: Your large and strong wings let you fly
                  | indefinitely. [Gargoyle growth]
 22159 | Lair:6   | Reached XP level 14. HP: 57/80 MP: 8/29
 22304 | Lair:6   | Reached ***** piety under Vehumet
 22309 | Lair:6   | Offered knowledge of Conjure Ball Lightning by Vehumet.
 23323 | Lair:6   | Found the +2 pair of boots of the Assassin {Detection Stab+
                  | Stlth++}
 23332 | Lair:6   | Identified the Compendium of Air
 23673 | Orc:1    | Entered Level 1 of the Orcish Mines
 24083 | Orc:2    | Entered Level 2 of the Orcish Mines
 24083 | Orc:2    | Found Esa Calubli's Food Shoppe.
 24586 | Orc:2    | Noticed an orc warlord
 24845 | Orc:1    | Killed an orc warlord
 25583 | Orc:2    | Found a staircase to the Elven Halls.
 25800 | Orc:2    | Found a roughly hewn altar of Beogh.
 26142 | Orc:2    | Found Hyoblar's Magic Scroll Shoppe.
 26200 | Orc:2    | Found Waelocig's General Store.
 26233 | Orc:2    | Offered knowledge of Bolt of Cold by Vehumet.
 28274 | Orc:2    | Reached XP level 15. HP: 73/84 MP: 5/30
 28491 | Orc:2    | Found Pyrah's Book Shop.
 28491 | Orc:2    | Found a one-way gate leading to the halls of Pandemonium.
 28491 | Orc:2    | Found Jyllypt's Antique Weapon Boutique.
 28909 | Orc:2    | Bought a scroll of fear for 49 gold pieces
 28909 | Orc:2    | Bought a scroll of magic mapping for 49 gold pieces
 28911 | Orc:2    | Bought a potion of haste for 140 gold pieces
 28911 | Orc:2    | Bought an uncursed ring of wizardry for 420 gold pieces
 29011 | Elf:1    | Entered Level 1 of the Elven Halls
 29030 | Orc:2    | Reached skill level 15 in Earth Magic
 29658 | Elf:1    | Noticed a deep elf sorcerer
 29670 | Elf:1    | Killed a deep elf sorcerer
 29670 | Elf:1    | Offered knowledge of Venom Bolt by Vehumet.
 29670 | Elf:1    | Reached skill level 5 in Evocations
 30390 | Elf:1    | Reached skill level 10 in Staves
 30503 | Elf:1    | Noticed a deep elf sorcerer
 30511 | Elf:1    | Killed a deep elf sorcerer
 31645 | Elf:2    | Found Fickias's Assorted Antiques.
 31789 | Elf:2    | Bought 2 potions of heal wounds for 250 gold pieces
 31789 | Elf:2    | Bought 2 glowing emerald potions for 45 gold pieces
 32119 | Elf:2    | Found a runed translucent gate.
 32119 | Elf:2    | Found a runed translucent gate.
 32119 | Elf:2    | Found a runed translucent gate.
 32811 | Elf:2    | Reached XP level 16. HP: 88/88 MP: 5/32
 34255 | Elf:3    | Entered Level 3 of the Elven Halls
 34269 | Elf:3    | Reached skill level 16 in Earth Magic
 35536 | Elf:3    | Offered knowledge of Orb of Destruction by Vehumet.
 36545 | Elf:3    | Identified the +9 glaive of Fusmaid {antimagic, Int+7}
 36547 | Elf:3    | Noticed a Tzitzimitl
 36649 | Elf:3    | Identified the +9 rapier "Juqousooqi" {holy, rPois}
 37112 | Elf:2    | Reached XP level 17. HP: 34/93 MP: 28/34
 37350 | Elf:3    | Reached skill level 17 in Earth Magic
 37729 | Elf:3    | Found Qaiqacwo's General Store.
 37738 | Elf:3    | Noticed a deep elf blademaster
 37744 | Elf:3    | Noticed a deep elf blademaster
 37754 | Elf:3    | Killed a deep elf blademaster
 37915 | Elf:3    | Killed a deep elf blademaster
 38257 | Elf:3    | Noticed a deep elf master archer
 38267 | Elf:3    | Killed a deep elf master archer
 38274 | Elf:3    | Identified the +2 leather armour "Qacumn" {rElec rC+ Str+3
                  | Int-4}
 38274 | Elf:3    | Identified the ring of Focrucir {rPois Str+3 Int+3}
 38276 | Elf:3    | Cast into level 2 of the Abyss (+2 glaive of distortion)
 38276 | Depths:5 | Entered Level 5 of the Depths
 38336 | Abyss:2  | Killed from afar by a wretched star

Levels and vault maps discovered:
D:1:      dpeg_arrival_orchard, layout_basic
D:2:      layout_basic, lemuel_blue_sif_altar, nicolae_overflow_hidden_temple,
          uniq_sigmund
D:3:      cheibrodos_helix_gallery, layout_loops_ring, lemuel_crystal_altar
D:4:      layout_basic, first_ration, minmay_door_square
D:5:      layout_loops_ring, minivault_14, kb_xom_exploding_sheep
D:6:      layout_basic, kennysheep_mini, minmay_misc_feat_nine_boxes,
          nemelex_spade_bored_becter
D:7:      layout_rooms, nicolae_overflow_crystal_walls,
          yredelemnul_altar_generic, minmay_temple_entry_proselytizer,
          uniq_pikel
D:8:      layout_rooms, the_bakery, minmay_splitting_lines,
          lemuel_flamethrower_2, uniq_psyche
D:9:      layout_roguey, grunt_lair_entry_orc_guard_hut, st_stairs_3
D:10:     layout_long_grid
D:11:     layout_loops_ring, orc_0_dummy, serial_shops, shop,
          small_chamber_with_monster
Temple:   eino_temple_water
Lair:1:   layout_roguey, minivault_19, serial_bayou_shore_a
Lair:2:   layout_chaotic_city, guppyfry_snake_entry_island, grunt_megastairs_5,
          uniq_fannar, uniq_erica
Lair:3:   mu_elephants_graveyard, layout_chaotic_city,
          minmay_swamp_entry_reptiles, minivault_19
Lair:4:   layout_regular_city, basic_altar
Lair:5:   layout_loops_ring, nicolae_slime_entry_slimehenge, basic_altar,
          beast_lair_carwin_9
Lair:6:   evilmike_catoblepas_cave, layout_regular_city, serial_bayou_pond_a,
          chequers_serial_rivers_micro_b, infiniplex_staircase_pool,
          grunt_megastairs_2
Orc:1:    layout_caves
Orc:2:    pf_orc_diabolical, layout_caves, serial_shops, shop,
          minmay_orc_temple_a
Elf:1:    dpeg_oklob_gauntlet, layout_gridlike, hangedman_elf_disciples
Elf:2:    layout_geoelf_diagonals, serial_shops, nicolae_shop_crystal,
          abandoned_shop, grunt_ministairs_4, nicolae_elf_big_sculpture_2,
          minivault_16, minivault_27, minmay_curled_crystal, drop_trap
Elf:3:    minmay_elf_hall_curves, layout_rooms, serial_shops, shop_fountains,
          guppyfry_elf_castle, minmay_shop_grove
Abyss:2:  hangedman_abyss_or_decor_lesser_grid

Skill      XL: |  1  2  3  4  5  6  7  8  9 10 11 12 13 14 15 16 17 |
---------------+----------------------------------------------------+-----
Earth Magic    | 4 5 6 7 9 10 11 12 13 14 15 16 17 | 17.3
Spellcasting   | 4 5 6 7 9 10 11 12 13 | 13.2
Conjurations   | 2 4 6 7 8 9 10 11 12 13 14 | 14.1
Fighting       | 1 4 6 |  6.0
Staves         | 1 4 5 8 9 10 11 | 11.6
Shields        | 1 4 |  4.7
Dodging        | 2 3 5 6 7 8 9 |  9.6
Evocations     | 1 4 6 |  6.4
Stealth        | |  2.1
Transmutations | |  0.7

Action                   |  1- 3 |  4- 6 |  7- 9 | 10-12 | 13-15 | 16-18 || total
-------------------------+-------+-------+-------+-------+-------+-------++-------
Melee: Unarmed           |    16 |       |       |       |       |       ||    16
       Club              |     5 |       |       |       |       |       ||     5
       Short sword       |    73 |    54 |    28 |       |       |       ||   155
       Dagger            |       |       |    81 |    12 |       |       ||    93
       Staff             |       |       |       |    24 |   232 |    71 ||   327
 Cast: Sandblast         |    37 |    33 |    58 |   170 |   108 |    18 ||   424
       Stone Arrow       |       |    11 |    38 |    48 |   407 |   145 ||   649
       Lee's Rapid Decon |       |       |    16 |   114 |   201 |    76 ||   407
       Magic Dart        |       |       |       |    24 |     1 |       ||    25
       Iskenderun's Myst |       |       |       |     8 |       |       ||     8
       Dazzling Spray    |       |       |       |     1 |       |       ||     1
       Passwall          |       |       |       |       |     1 |       ||     1
  Use: Scroll            |       |     3 |    12 |     9 |    10 |       ||    34
       Potion            |       |       |       |     2 |     1 |     2 ||     5
 Stab: Sleeping          |       |       |     2 |       |       |     1 ||     3
  Eat: Chunk             |     3 |     3 |    10 |    23 |    37 |    14 ||    90
       Ration            |       |     1 |     3 |    10 |    13 |     4 ||    31
Armor: Robe              |    32 |    27 |    51 |    56 |   140 |    65 ||   371
       Skin              |       |       |       |    11 |       |       ||    11
Dodge: Dodged            |    63 |    46 |    78 |   113 |   244 |    88 ||   632
Block: Other             |       |       |       |    15 |     6 |       ||    21
       Buckler           |       |       |       |       |   200 |    90 ||   290
       Reflection        |       |       |       |       |    23 |    16 ||    39

Table legend:
 A = Non-vault XP
 B = Vault XP
 C = Vault XP percentage of total XP
 D = Non-vault monster count
 E = Vault monster count
 F = Vault count percentage of total count
                 A         B        C        D         E       F
            +---------+---------+-------+---------+---------+-------
      Total |   82709 |  116798 |  58.5 |     460 |     218 |  32.2
            +---------+---------+-------+---------+---------+-------
        D:1 |      41 |       0 |   0.0 |      24 |       0 |   0.0
        D:2 |      76 |     231 |  75.2 |      19 |       1 |   5.0
        D:3 |     160 |       7 |   4.2 |      27 |       2 |   6.9
        D:4 |     507 |       0 |   0.0 |      17 |       0 |   0.0
        D:5 |     348 |       0 |   0.0 |      13 |       0 |   0.0
        D:6 |     481 |     663 |  58.0 |      13 |       1 |   7.1
        D:7 |    1645 |      41 |   2.4 |      18 |       1 |   5.3
        D:8 |    1082 |     700 |  39.3 |      28 |       2 |   6.7
        D:9 |     981 |     655 |  40.0 |      11 |       7 |  38.9
       D:10 |     358 |       0 |   0.0 |       7 |       0 |   0.0
       D:11 |    2506 |     424 |  14.5 |      22 |       1 |   4.3
     Lair:1 |    2041 |     147 |   6.7 |      15 |       1 |   6.2
     Lair:2 |    3234 |    2957 |  47.8 |      13 |       6 |  31.6
     Lair:3 |    2458 |    9132 |  78.8 |      11 |      19 |  63.3
     Lair:4 |    3313 |       0 |   0.0 |      12 |       0 |   0.0
     Lair:5 |    5946 |    5074 |  46.0 |      29 |      15 |  34.1
     Lair:6 |    8707 |    8787 |  50.2 |      36 |      20 |  35.7
      Orc:1 |    2776 |    2084 |  42.9 |      33 |       3 |   8.3
      Orc:2 |    5908 |   16934 |  74.1 |      42 |      68 |  61.8
      Elf:1 |   13016 |    7692 |  37.1 |      22 |      12 |  35.3
      Elf:2 |   12899 |   30245 |  70.1 |      25 |      35 |  58.3
      Elf:3 |   13940 |   31025 |  69.0 |      22 |      24 |  52.2
    Abyss:2 |     286 |       0 |   0.0 |       1 |       0 |   0.0
            +---------+---------+-------+---------+---------+-------
